 Dungeon Crawl Stone Soup version 0.29.1-15-g9cfb28693d (webtiles) character file.

Game seed: 15110936345161496920

2845 Guypie0427 the Cleaver (level 9, -1/81 HPs)
             Began as a Minotaur Berserker on Apr 20, 2023.
             Was an Initiate of Makhleb.
             Slain by a polar bear (24 damage)
             ... created by the rage of Trog
             ... on level 7 of the Dungeon.
             The game lasted 00:58:34 (7795 turns).

Guypie0427 the Cleaver (Minotaur Berserker)         Turns: 7795, Time: 00:58:37

Health: -1/81      AC: 21    Str: 28    XL:     9   Next: 46%
Magic:  8/8        EV: 12    Int:  8    God:    Makhleb [......]
Gold:   504        SH:  0    Dex: 10    Spells: 8/8 levels left

rFire   . . .      SeeInvis +   x - +9 war axe of Ypnomm {drain, rC+ rCorr}
rCold   + . .      Faith    .   (no shield)
rNeg    . . .      Spirit   .   u - +0 plate armour
rPois   .          Reflect  .   i - +2 hat
rElec   .          Harm     .   h - +0 cloak
rCorr   +          Rampage  .   b - +0 pair of fencer's gloves {Riposte Dex+3}
Will    .....                   f - +2 pair of boots
Stlth   ..........              (no amulet)
HPRegen 0.23/turn               o - +4 ring of evasion
MPRegen 0.11/turn               r - ring "Yhecigiech" {Str+2 Int+4 Dex-3 SInv}

@: no status effects
A: horns 2, retaliatory headbutt, subdued magic 1
a: Renounce Religion


You were on level 7 of the Dungeon.
You worshipped Makhleb.
Makhleb was noncommittal.
You visited 2 branches of the dungeon, and saw 8 of its levels.

You collected 504 gold pieces.

Inventory:

Hand Weapons
 x - the +9 war axe of Ypnomm (weapon) {drain, rC+ rCorr}
   (You took it off an orc on level 5 of the Dungeon)

   A truly terrible weapon, it drains the life of any living foe it strikes.
   rC:        It protects you from cold.
   rCorr:     It protects you from acid and corrosion.
Armour
 b - the +0 pair of fencer's gloves (worn) {Riposte Dex+3}
   (You found it on level 4 of the Dungeon)

   It allows the wearer to riposte with melee weapons, swiftly retaliating
   against missed or blocked melee attacks.
   Dex:       It affects your dexterity (+3).
 f - a +2 pair of boots (worn)
 h - a +0 cloak (worn)
 i - a +2 hat (worn)
 u - a +0 plate armour (worn)
Jewellery
 o - a +4 ring of evasion (left hand)
 r - the ring "Yhecigiech" (right hand) {Str+2 Int+4 Dex-3 SInv}
   (You found it on level 3 of the Dungeon)

   [ring of see invisible]

   Str:       It affects your strength (+2).
   Int:       It affects your intelligence (+4).
   Dex:       It affects your dexterity (-3).
   SInv:      It lets you see invisible.
Wands
 n - a wand of roots (11) (quivered)
 s - a wand of polymorph (1)
 z - a wand of mindburst (10)
Scrolls
 a - 2 scrolls of blinking
 c - 4 scrolls of vulnerability
 e - 5 scrolls of identify
 j - a scroll of noise
 k - 2 scrolls of fear
 q - 3 scrolls of butterflies
 t - a scroll of amnesia {unknown}
 v - a scroll of teleportation {unknown}
 y - a scroll of magic mapping {unknown}
Potions
 d - 3 potions of flight
 g - 3 potions of magic
 l - 4 potions of curing
 m - a potion of cancellation {unknown}
 p - a potion of resistance {unknown}
 w - 2 potions of haste {unknown}
 A - a potion of heal wounds
 B - a potion of ambrosia {unknown}


   Skills:
 + Level 8.0 Fighting
 + Level 12.4 Axes
 + Level 7.4 Armour
 - Level 2.2 Dodging
 - Level 0.6 Evocations


You had 8 spell levels left.
You didn't know any spells.
Your spell library contained the following spells:

 Spells                   Type           Power      Damage    Failure   Level
 Necrotise                Necr           0%         1d4       98%         1
 Poisonous Vapours        Pois/Air       0%         N/A       99%         2
 Static Discharge         Conj/Air       0%         3-3/arc   99%         2
 Tukima's Dance           Hex            0%         N/A       100%        3
 Vampiric Draining        Necr           0%         2d6       100%        3
 Corpse Rot               Necr/Pois/Air  0%         N/A       100%        4
 Passage of Golubria      Tloc           0%         N/A       100%        4
 Agony                    Necr           0%         N/A       100%        5
 Lightning Bolt           Conj/Air       0%         1d11      100%        5
 Yara's Violent Unravell  Hex/Tmut       0%         3d3       100%        5
 Maxwell's Capacitive Co  Air            0%         ∞         100%        8


Dungeon Overview and Level Annotations

Branches:
Dungeon (7/15)             Temple (1/1) D:4

Altars:
Ashenzari
Dithmenos
Fedhas
Gozag
Hepliaklqana
Kikubaaqudgha
Makhleb
Okawaru
Ru
Trog
Uskayaw
Vehumet
Wu Jian
Yredelemnul
Zin
The Shining One


Innate Abilities, Weirdness & Mutations

You have a pair of horns on your head.
You reflexively headbutt those who attack you in melee.
Your spells are a little easier to cast, but a little less powerful.


Message History

The polar bear bites you but does no damage.
The polar bear claws you but does no damage. x2
The polar bear bites you!!
* * * LOW HITPOINT WARNING * * *
The polar bear barely misses you.
The polar bear claws you but does no damage.
You feel much better. The polar bear misses you.
The polar bear claws you but does no damage. x2
The polar bear bites you!
* * * LOW HITPOINT WARNING * * *
The polar bear barely misses you.
The polar bear claws you but does no damage.
The polar bear barely misses you. You furiously retaliate!
You headbutt the polar bear.
The polar bear claws you but does no damage.
The polar bear barely misses you. The polar bear misses you.
You riposte.
You barely miss the polar bear.
The polar bear is moderately wounded.
You hit the polar bear. You slash the polar bear! You drain the polar bear.
You slash the polar bear! You hit the polar bear. You drain the polar bear.
The polar bear claws you but does no damage. x2
The polar bear closely misses you. You furiously retaliate!
You headbutt the polar bear.
The polar bear claws you but does no damage.
The polar bear closely misses you. The polar bear barely misses you.
You furiously retaliate!
You headbutt the polar bear.
The polar bear claws you but does no damage. x2
As you read the scroll of fear, it crumbles to dust.
You assume a fearsome visage.
The polar bear is unaffected. x5
The polar bear barely misses you. You furiously retaliate!
You headbutt the polar bear, but do no damage.
You riposte.
You hit the polar bear. You drain the polar bear.
The polar bear is almost dead.
You hit the polar bear. You drain the polar bear.
You barely miss the polar bear. You slash the polar bear!
You kill the polar bear!
That felt strangely unrewarding.
You hit the polar bear.
The polar bear claws you but does no damage.
The polar bear closely misses you. The polar bear bites you!!
You die...

######
......#####
....[...h.###
.......@h...#
......h.h...#
........)...##
.............#
.............#
.............##
..............#
............(##
....<......##


You could see 4 polar bears.

Vanquished Creatures
  Joseph (D:7)
  Prince Ribbit (D:5)
  A polar bear (D:7)
  A steam dragon (D:7)
  Menkaure (D:7)
  3 water moccasins
  Duvessa (D:7)
  2 ice beasts
  5 black bears
  A centaur (D:5)
  A phantom (D:4)
  A necrophage (D:4)
  A bullfrog (D:6)
  3 scorpions
  Dowan (D:7)
  2 howler monkeys (D:5)
  A jelly (D:5)
  3 orc priests
  2 gnoll boudas
  A hound (D:7)
  2 iguanas (D:5)
  7 orc wizards
  11 gnolls
  8 adders
  An ufetubus (D:5)
  2 worms
  A dart slug (D:4)
  28 orcs
  5 endoplasms
  8 hobgoblins
  3 jackals (D:3)
  5 quokkas
  7 ball pythons
  7 bats
  6 frilled lizards
  7 goblins
  5 kobolds
  6 rats
152 creatures vanquished.

Vanquished Creatures (others)
  A wizard (D:4)
1 creature vanquished.

Grand Total: 153 creatures vanquished

Notes
Turn   | Place    | Note
-------+----------+-------------------------------------------
     0 | D:1      | Guypie0427 the Minotaur Berserker began the quest for the
                  | Orb.
     0 | D:1      | Reached XP level 1. HP: 19/19 MP: 0/0
   828 | D:1      | Reached skill level 4 in Axes
  1281 | D:1      | Reached XP level 2. HP: 27/27 MP: 1/1
  2595 | D:2      | Reached skill level 5 in Axes
  2604 | D:2      | Reached XP level 3. HP: 24/33 MP: 2/2
  3079 | D:2      | Reached skill level 6 in Axes
  3079 | D:2      | Reached XP level 4. HP: 37/40 MP: 3/3
  3849 | D:3      | Reached ** piety under Trog
  4236 | D:3      | Reached XP level 5. HP: 46/46 MP: 4/4
  4304 | D:3      | Identified the ring "Yhecigiech" {Str+2 Int+4 Dex-3 SInv}
  4518 | D:3      | Gained mutation: Your spells are a little easier to cast,
                  | but a little less powerful. [potion of mutation]
  4733 | D:4      | Reached skill level 7 in Axes
  4775 | D:4      | Found a staircase to the Ecumenical Temple.
  4958 | D:4      | Noticed a phantom
  4958 | D:4      | Found the +0 pair of fencer's gloves {Riposte Dex+3}
  4967 | D:4      | Killed a phantom
  4968 | D:4      | Reached skill level 8 in Axes
  4968 | D:4      | Reached XP level 6. HP: 48/52 MP: 5/5
  5404 | D:4      | Reached skill level 9 in Axes
  5432 | D:4      | Found a bloodstained altar of Trog.
  5433 | D:4      | Noticed a wizard
  5438 | D:4      | Killed a wizard
  5637 | Temple   | Entered the Ecumenical Temple
  5728 | D:5      | Entered Level 5 of the Dungeon
  5737 | D:5      | Reached XP level 7. HP: 54/58 MP: 6/6
  5750 | D:5      | Noticed Prince Ribbit
  5760 | D:5      | Killed Prince Ribbit
  5761 | D:5      | Reached skill level 10 in Axes
  5822 | D:5      | Identified the +9 war axe of Ypnomm {drain, rC+ rCorr}
  6059 | D:5      | Reached *** piety under Trog
  6060 | D:5      | Reached XP level 8. HP: 64/67 MP: 7/7
  6142 | D:5      | Found a glowing silver altar of Zin.
  6174 | D:5      | Reached skill level 11 in Axes
  6176 | D:5      | Reached skill level 5 in Fighting
  6525 | D:6      | Found a burning altar of Makhleb.
  6568 | D:6      | Reached skill level 5 in Armour
  7235 | D:6      | Fell from the grace of Trog
  7235 | D:6      | Became a worshipper of Makhleb the Destroyer
  7258 | D:7      | Reached XP level 9. HP: 78/78 MP: 8/8
  7343 | D:7      | Noticed Joseph
  7350 | D:7      | Killed Joseph
  7351 | D:7      | Reached skill level 12 in Axes
  7462 | D:7      | Noticed Menkaure
  7468 | D:7      | Killed Menkaure
  7725 | D:7      | Noticed Dowan
  7726 | D:7      | Noticed Duvessa
  7733 | D:7      | Killed Dowan
  7734 | D:7      | Killed Duvessa
  7790 | D:7      | Noticed a polar bear
  7790 | D:7      | Noticed a polar bear
  7790 | D:7      | Noticed a polar bear
  7790 | D:7      | Noticed a polar bear
  7790 | D:7      | Noticed a polar bear
  7795 | D:7      | Killed a polar bear
  7795 | D:7      | Slain by a polar bear

Illustrated notes

Levels and vault maps discovered:
D:1:      saegor_arrival_simple_c, layout_basic
D:2:      layout_basic, minmay_nonomino_d4
D:3:      layout_basic, chequers_serial_rivers_micro_d
D:4:      layout_loops_ring, trog_wizard, minmay_temple_entry_glassed_door,
          minmay_quantized
D:5:      kb_forest_paths, layout_rooms, zin_treasury,
          minmay_a_box_with_orc_wizards_in_it, uniq_prince_ribbit1
D:6:      layout_loops_corners, general_overflow_altar
D:7:      layout_cave_pods, uniq_menkaure, uniq_joseph, uniq_duvessa
Temple:   compressed_dpeg_triangle_lava_temple

Skill      XL: |  1  2  3  4  5  6  7  8  9 |
---------------+----------------------------+-----
Axes           | 4 5 6 8 9 10 11 12 | 12.4
Fighting       | 4 6 8 |  8.0
Armour         | 3 6 7 |  7.4
Dodging        | |  2.2
Evocations     | |  0.6

Action                   |  1- 3 |  4- 6 |  7- 9 || total
-------------------------+-------+-------+-------++-------
Melee: Hand axe          |    73 |    47 |       ||   120
       Headbutt          |     7 |    15 |    19 ||    41
       Punch             |     1 |       |     1 ||     2
       War axe           |       |    51 |   113 ||   164
Invok: Berserk           |     1 |     3 |     2 ||     6
       Trog's Hand       |       |     1 |       ||     1
Evoke: Wand              |       |     2 |     4 ||     6
  Use: Potion            |     3 |     2 |     1 ||     6
       Scroll            |     3 |     3 |     2 ||     8
Armor: Animal skin       |    14 |       |       ||    14
       Leather armour    |     1 |     8 |       ||     9
       Ring mail         |       |    21 |       ||    21
       Plate armour      |       |    11 |    83 ||    94
Dodge: Dodged            |    56 |    49 |    89 ||   194
       Rpst.: War axe    |       |     4 |    12 ||    16
